MLB
BALTIMORE ORIOLES @ ST. LOUIS CARDINALS
09/05/2098
 
TOP OF THE 1ST
Baltimore Orioles batting - Pitching for St. Louis Cardinals : RHP Scott Kocis
Pitching: RHP Scott Kocis
Batting: RHB Ed Pollock 0-0: Foul Ball, location: 9LSF
0-1: Ball
1-1: Swinging Strike
1-2: Strikes out looking
Batting: LHB Jerry Peterson 0-0: Called Strike
0-1: Ball
1-1: Foul Ball, location: 2F
1-2: Ball
2-2: Foul Ball, location: 3FF
2-2: Ground out 5-3 (Groundball, 5L, EV 100.6 MPH)
Batting: RHB Eduardo Lopez 0-0: DOUBLE (Flyball, 89XD, EV 101.9 MPH)
Batting: RHB Jonathan Skye 0-0: Swinging Strike
0-1: Foul Ball, location: 9LDF
0-2: Foul Ball, location: 9LMF
0-2: Strikes out swinging
Top of the 1st over - 0 runs, 1 hit, 0 errors, 1 left on base; Baltimore 0 - St. Louis 0
BOTTOM OF THE 1ST
St. Louis Cardinals batting - Pitching for Baltimore Orioles : LHP Steve Whiteside
Pitching: LHP Steve Whiteside
Batting: RHB Jayden Whaley 0-0: Foul Ball, location: 9LDF
0-1: Ball
1-1: Foul Ball, location: 2F
1-2: Foul Ball, location: 9LMF
1-2: SINGLE (Flyball, 8RS, EV 86.9 MPH)
Batting: RHB Jeff Saxton 0-0: Ball
1-0: Ball
2-0: Ball
3-0: Called Strike
3-1: Foul Ball, location: 2F
3-2: Strikes out swinging
Batting: RHB Ryan Collier 0-0: Ball
1-0: Fly out, F4 (Popup, 4M, EV 63.8 MPH)
Batting: RHB Jesus Guzman 0-0: Called Strike
0-1: Ball
1-1: Ball
2-1: Ball
3-1: Fly out, F7 (Flyball, 7, EV 95.0 MPH)
Bottom of the 1st over - 0 runs, 1 hit, 0 errors, 1 left on base; Baltimore 0 - St. Louis 0
TOP OF THE 2ND
Baltimore Orioles batting - Pitching for St. Louis Cardinals : RHP Scott Kocis
Batting: LHB Kenny West 0-0: SINGLE (Groundball, 4MD, EV 103.8 MPH)
Batting: LHB Nate Wagner 0-0: Ball
1-0: Ball
2-0: Foul Ball, location: 5SF
2-1: Foul Ball, location: 7LSF
2-2: Ball
3-2: Foul Ball, location: 5FF
3-2: Strikes out swinging
Batting: RHB Travis Darling 0-0: Ball
1-0: Foul Ball, location: 2LF
1-1: Fielders Choice at 2nd, 4-6 (Groundball, 4M, EV 103.1 MPH)
Batting: RHB Victor Rojas 0-0: Called Strike
0-1: Foul Ball, location: 23F
0-2: Strikes out swinging
Top of the 2nd over - 0 runs, 1 hit, 0 errors, 1 left on base; Baltimore 0 - St. Louis 0
BOTTOM OF THE 2ND
St. Louis Cardinals batting - Pitching for Baltimore Orioles : LHP Steve Whiteside
Batting: LHB Jeremiah Ford 0-0: Ball
1-0: Swinging Strike
1-1: Ball
2-1: SINGLE (Groundball, 56D, EV 110.0 MPH)
Batting: RHB Gabe Vega 0-0: Called Strike
0-1: Ground out 6-3 (Groundball, 6S, EV 86.9 MPH)
Jeremiah Ford to second
Batting: RHB David Martinez 0-0: Called Strike
0-1: Ball
1-1: Swinging Strike
1-2: Ball
2-2: Foul Ball, location: 7LSFF
2-2: Foul Ball, location: 2F
2-2: Strikes out swinging
Batting: RHB Brodie Herian 0-0: Foul Ball, location: 2F
0-1: Ball
1-1: Foul Ball, location: 3FF
1-2: Ball
2-2: Ball
3-2: Fly out, F7 (Flyball, 78S, EV 85.0 MPH)
Bottom of the 2nd over - 0 runs, 1 hit, 0 errors, 1 left on base; Baltimore 0 - St. Louis 0
TOP OF THE 3RD
Baltimore Orioles batting - Pitching for St. Louis Cardinals : RHP Scott Kocis
Batting: RHB Danny Haner 0-0: Called Strike
0-1: Foul Ball, location: 2F
0-2: Foul Ball, location: 2F
0-2: Strikes out swinging
Batting: RHB Ed Pollock 0-0: Ball
1-0: Swinging Strike
1-1: Called Strike
1-2: Foul Ball, location: 5SF
1-2: Foul Ball, location: 3SF
1-2: Strikes out swinging
Batting: LHB Jerry Peterson 0-0: Ball
1-0: Swinging Strike
1-1: Foul Ball, location: 5F
1-2: Fly out, F9 (Line Drive, 89M, EV 99.4 MPH)
Top of the 3rd over - 0 runs, 0 hits, 0 errors, 0 left on base; Baltimore 0 - St. Louis 0
BOTTOM OF THE 3RD
St. Louis Cardinals batting - Pitching for Baltimore Orioles : LHP Steve Whiteside
Batting: LHB Brett Rinehart 0-0: Foul Ball, location: 23F
0-1: Fly out, F7 (Flyball, 7S, EV 92.5 MPH)
Batting: RHB Jayden Whaley 0-0: Foul Ball, location: 25F
0-1: Swinging Strike
0-2: Ground out 6-3 (Groundball, 6, EV 103.8 MPH)
Batting: RHB Jeff Saxton 0-0: Foul Ball, location: 2F
0-1: Called Strike
0-2: Strikes out looking
Bottom of the 3rd over - 0 runs, 0 hits, 0 errors, 0 left on base; Baltimore 0 - St. Louis 0
TOP OF THE 4TH
Baltimore Orioles batting - Pitching for St. Louis Cardinals : RHP Scott Kocis
Batting: RHB Eduardo Lopez 0-0: Ball
1-0: Foul Ball, location: 2F
1-1: Ball
2-1: Ball
3-1: SOLO HOME RUN (Flyball, 9D, EV 94.4 MPH), Distance : 372 ft
Batting: RHB Jonathan Skye 0-0: Ball
1-0: Ground out 4-3 (Groundball, 4S, EV 74.4 MPH)
Batting: LHB Kenny West 0-0: Ball
1-0: Ball
2-0: Called Strike
2-1: Swinging Strike
2-2: Strikes out swinging
Batting: LHB Nate Wagner 0-0: Foul Ball, location: 2RF
0-1: Ball
1-1: Ball
2-1: Foul Ball, location: 2F
2-2: DOUBLE (Flyball, 8LXD, EV 105.6 MPH)
Batting: RHB Travis Darling 0-0: Foul Ball, location: 23F
0-1: Ball
1-1: Ball
2-1: Ball
Wild Pitch!
Nate Wagner to third
3-1: Base on Balls
Batting: RHB Victor Rojas 0-0: Called Strike
0-1: Foul Ball, location: 5F
0-2: Strikes out swinging
Top of the 4th over - 1 run, 2 hits, 0 errors, 2 left on base; Baltimore 1 - St. Louis 0
BOTTOM OF THE 4TH
St. Louis Cardinals batting - Pitching for Baltimore Orioles : LHP Steve Whiteside
Batting: RHB Ryan Collier 0-0: Ball
1-0: Foul Ball, location: 2F
1-1: Fly out, F9 (Flyball, 9, EV 86.3 MPH)
Batting: RHB Jesus Guzman 0-0: Ball
1-0: Fly out, F7 (Flyball, 78M, EV 90.0 MPH)
Batting: LHB Jeremiah Ford 0-0: Ball
1-0: Foul Ball, location: 2RF
1-1: Ball
2-1: Called Strike
2-2: SINGLE (Line Drive, 5D, EV 96.3 MPH)
Batting: RHB Gabe Vega 0-0: Ball
1-0: Foul Ball, location: 2F
1-1: 2-RUN HOME RUN (Line Drive, 8RXD, EV 106.3 MPH), Distance : 417 ft
Batting: RHB David Martinez 0-0: Ball
1-0: Called Strike
1-1: SINGLE (Line Drive, 9S, EV 102.5 MPH)
Batting: RHB Brodie Herian 0-0: Swinging Strike
0-1: Reached on error, E4 (Groundball, 34, EV 83.1 MPH)
David Martinez to third
Batting: LHB Brett Rinehart 0-0: Fly out, F9 (Flyball, 89M, EV 86.3 MPH)
Bottom of the 4th over - 2 runs, 3 hits, 1 error, 2 left on base; Baltimore 1 - St. Louis 2
TOP OF THE 5TH
Baltimore Orioles batting - Pitching for St. Louis Cardinals : RHP Scott Kocis
Batting: RHB Danny Haner 0-0: Ball
1-0: SINGLE (Groundball, 34D, EV 103.1 MPH)
Batting: RHB Ed Pollock 0-0: Bunted foul
0-1: Sac Bunt to 25 - play at first, batter OUT! 5-3
Danny Haner to second
Batting: LHB Jerry Peterson 0-0: Ball
1-0: Ground out U3 (Groundball, 3, EV 83.8 MPH)
Danny Haner to third
Batting: RHB Eduardo Lopez 0-0: Ball
1-0: Ball
2-0: Ball
3-0: Base on Balls
Batting: RHB Jonathan Skye 0-0: Ball
1-0: Ball
2-0: Fly out, F8 (Flyball, 8RXD, EV 93.8 MPH)
Top of the 5th over - 0 runs, 1 hit, 0 errors, 2 left on base; Baltimore 1 - St. Louis 2
BOTTOM OF THE 5TH
St. Louis Cardinals batting - Pitching for Baltimore Orioles : LHP Steve Whiteside
Batting: RHB Jayden Whaley 0-0: Called Strike
0-1: Ball
1-1: Ball
2-1: Foul Ball, location: 25F
2-2: Ball
3-2: SINGLE (Line Drive, 9S, EV 98.1 MPH)
Batting: RHB Jeff Saxton 0-0: Called Strike
0-1: Ball
1-1: Fly out, F7 (Flyball, 7S, EV 88.8 MPH)
Batting: RHB Ryan Collier 0-0: Called Strike
0-1: Swinging Strike
0-2: Ball
1-2: Ball
2-2: Foul Ball, location: 25F
2-2: SINGLE (Line Drive, 6M, EV 96.9 MPH)
Jayden Whaley to second
Batting: RHB Jesus Guzman 0-0: Called Strike
0-1: Swinging Strike
0-2: Ball
1-2: Ball
2-2: Strikes out swinging
Batting: LHB Jeremiah Ford 0-0: Ball
1-0: Foul Ball, location: 7LSF
1-1: Fielders Choice at 2nd, 5-4 (Groundball, 56, EV 99.4 MPH)
Bottom of the 5th over - 0 runs, 2 hits, 0 errors, 2 left on base; Baltimore 1 - St. Louis 2
TOP OF THE 6TH
Baltimore Orioles batting - Pitching for St. Louis Cardinals : RHP Scott Kocis
Batting: LHB Kenny West 0-0: Ball
1-0: Called Strike
1-1: Ball
2-1: Swinging Strike
2-2: Strikes out swinging
Batting: LHB Nate Wagner 0-0: Ground out 4-3 (Groundball, 4, EV 85.0 MPH)
Batting: RHB Travis Darling 0-0: Ball
1-0: Ball
2-0: Called Strike
2-1: Called Strike
2-2: Strikes out looking
Top of the 6th over - 0 runs, 0 hits, 0 errors, 0 left on base; Baltimore 1 - St. Louis 2
BOTTOM OF THE 6TH
St. Louis Cardinals batting - Pitching for Baltimore Orioles : LHP Steve Whiteside
Pitching: RHP Justin Flowers
Pinch Hitting: LHB Jonathan Steben 0-0: Called Strike
0-1: Foul Ball, location: 2F
0-2: Foul Ball, location: 7LDF
0-2: Strikes out swinging, 2-3 out at first.
Batting: RHB David Martinez 0-0: Called Strike
0-1: Ball
1-1: Ground out U3 (Groundball, 34, EV 105.0 MPH)
Batting: RHB Brodie Herian 0-0: Ball
1-0: Ball
2-0: Ball
3-0: Ground out 1-3 (Groundball, 13S, EV 70.6 MPH)
Bottom of the 6th over - 0 runs, 0 hits, 0 errors, 0 left on base; Baltimore 1 - St. Louis 2
TOP OF THE 7TH
Baltimore Orioles batting - Pitching for St. Louis Cardinals : RHP Scott Kocis
Now at 3B: Ricky Rios
Now in LF: David Martinez
Now in RF: Jeremy Littlefield
Batting: RHB Victor Rojas 0-0: SOLO HOME RUN (Flyball, 78XD, EV 94.4 MPH), Distance : 380 ft
Batting: RHB Danny Haner 0-0: Ball
1-0: Foul Ball, location: 9LDF
1-1: Hit by Pitch
Pinch Hitting: LHB Dave Schwabe 0-0: Called Strike
0-1: Called Strike
0-2: Ball
1-2: Foul Ball, location: 2RF
1-2: Foul Ball, location: 7LMF
1-2: Fly out, F8 (Flyball, 8RS, EV 86.9 MPH)
Batting: LHB Jerry Peterson 0-0: Ball
Pickoff Throw to First - Error! E1
Danny Haner to second
1-0: Swinging Strike
1-1: Ball
2-1: Foul Ball, location: 23F
2-2: Ball
3-2: Foul Ball, location: 2F
3-2: Foul Ball, location: 2F
3-2: Base on Balls
Pitching: RHP David Herman
Batting: RHB Eduardo Lopez 0-0: Foul Ball, location: 3SF
0-1: Ball
1-1: Ball
2-1: Grounds into double play, 1-4-3 (Groundball, 15S, EV 67.5 MPH)
Top of the 7th over - 1 run, 1 hit, 1 error, 1 left on base; Baltimore 2 - St. Louis 2
BOTTOM OF THE 7TH
St. Louis Cardinals batting - Pitching for Baltimore Orioles : RHP Justin Flowers
Now at SS: Lee Board
Batting: LHB Brett Rinehart 0-0: Ball
1-0: Foul Ball, location: 2F
1-1: Swinging Strike
1-2: Strikes out swinging
Pinch Hitting: LHB Willie Martinez 0-0: Ball
1-0: Called Strike
1-1: Ground out 5-3 (Groundball, 5, EV 108.1 MPH)
Batting: LHB Jeremy Littlefield 0-0: Ball
1-0: Foul Ball, location: 2F
1-1: Ball
2-1: Ball
3-1: Called Strike
3-2: Foul Ball, location: 3F
3-2: Strikes out swinging
Bottom of the 7th over - 0 runs, 0 hits, 0 errors, 0 left on base; Baltimore 2 - St. Louis 2
TOP OF THE 8TH
Baltimore Orioles batting - Pitching for St. Louis Cardinals : RHP David Herman
Now at 2B: Ricky Rios
Now at 3B: Willie Martinez
Batting: RHB Jonathan Skye 0-0: Called Strike
0-1: Ball
1-1: Foul Ball, location: 25F
1-2: Ball
2-2: Foul Ball, location: 2F
2-2: SINGLE (Line Drive, 4D, EV 96.3 MPH)
Pitching: LHP Edarian Anderson
Batting: LHB Kenny West 0-0: Ball
1-0: Grounds out, U3 (Groundball, 3L, EV 87.5 MPH)
Batting: LHB Nate Wagner 0-0: Ball
1-0: Ball
2-0: Ball
3-0: Called Strike
3-1: Base on Balls
Batting: RHB Travis Darling 0-0: Fly out, F3 (Popup, 23F, EV 93.1 MPH)
Batting: RHB Victor Rojas 0-0: Ground out 5-3 (Groundball, 56S, EV 84.4 MPH)
Top of the 8th over - 0 runs, 1 hit, 0 errors, 2 left on base; Baltimore 2 - St. Louis 2
BOTTOM OF THE 8TH
St. Louis Cardinals batting - Pitching for Baltimore Orioles : RHP Justin Flowers
Pinch Hitting: SHB Bryan Smolka 0-0: Foul Ball, location: 25FF
0-1: Ball
1-1: Called Strike
1-2: Fly out, F1 (Popup, P, EV 82.5 MPH)
Batting: RHB Jesus Guzman 0-0: Ball
1-0: Foul Ball, location: 2LF
1-1: Called Strike
1-2: Fly out, F5 (Popup, 5S, EV 78.1 MPH)
Batting: LHB Jeremiah Ford 0-0: Ball
1-0: Ball
2-0: Swinging Strike
2-1: Ball
3-1: Ground out 4-3 (Groundball, 4, EV 81.9 MPH)
Bottom of the 8th over - 0 runs, 0 hits, 0 errors, 0 left on base; Baltimore 2 - St. Louis 2
TOP OF THE 9TH
Baltimore Orioles batting - Pitching for St. Louis Cardinals : LHP Edarian Anderson
Now at 1B: Bryan Smolka
Batting: RHB Danny Haner 0-0: Ball
1-0: Ground out 5-3 (Groundball, 5S, EV 65.6 MPH)
Batting: RHB Lee Board 0-0: Foul Ball, location: 9LDF
0-1: Ball
1-1: Fly out, F8 (Flyball, 78M, EV 86.3 MPH)
Batting: LHB Jerry Peterson 0-0: Fly out, F9 (Line Drive, 9, EV 84.4 MPH)
Top of the 9th over - 0 runs, 0 hits, 0 errors, 0 left on base; Baltimore 2 - St. Louis 2
BOTTOM OF THE 9TH
St. Louis Cardinals batting - Pitching for Baltimore Orioles : RHP Justin Flowers
Pitching: LHP Jonathan Wells
Batting: LHB Ricky Rios 0-0: Called Strike
0-1: Foul Ball, location: 7LSF
0-2: Ball
1-2: Ball
2-2: Strikes out swinging
Batting: RHB David Martinez 0-0: SINGLE (Line Drive, 9S, EV 83.8 MPH)
Batting: RHB Brodie Herian 0-0: Ball
David Martinez steals 2nd base (no throw)
1-0: Called Strike
1-1: Ball
2-1: Ball
3-1: Base on Balls
Batting: LHB Brett Rinehart 0-0: Fielders Choice at 2nd, 1-6 (Groundball, 34S, EV 74.4 MPH)
David Martinez to third
Pinch Hitting: LHB Brandon Corter 0-0: Ball
1-0: Swinging Strike
1-1: SINGLE (Groundball, 6, EV 93.8 MPH) (infield hit)
David Martinez scores
Bottom of the 9th over - 1 run, 2 hits, 0 errors, 1 left on base; Baltimore 2 - St. Louis 3
Sunday, April 14th , 2024 - OOTP Baseball 24.11 Build 85